 Dungeon Crawl Stone Soup version 0.19.5 (webtiles) character file.

135 JeffiDaFish the Chopper (level 4, 0/35 HPs)
             Began as a Demonspawn Monk on Oct 24, 2017.
             Succumbed to an orc's poison
             ... on level 3 of the Dungeon.
             The game lasted 00:06:10 (2922 turns).

JeffiDaFish the Chopper (Demonspawn Monk)           Turns: 2922, Time: 00:06:11

Health: 0/35       AC:  5    Str: 11    XL:     4   Next: 96%
Magic:  4/4        EV: 12    Int: 11    God:
Gold:   125        SH:  0    Dex: 17    Spells: 0 memorised, 3 levels left

rFire  . . .     SeeInvis .     a - +0 hand axe
rCold  . . .     Gourm    .     g - +0 ring mail
rNeg   . . .     Faith    .     (no shield)
rPois  .         Spirit   .     (no helmet)
rElec  .         Reflect  .     (no cloak)
rCorr  .         Harm     .     (no gloves)
MR     .....                    (no boots)
Stlth  +.........               (no amulet)
                                (no ring)
                                (no ring)

@: lethally poisoned (0 -> -37)
A: hooves 1, demonic guardian 2
a: no special abilities


You were on level 3 of the Dungeon.
You were not hungry.

You visited 1 branch of the dungeon, and saw 3 of its levels.

You collected 125 gold pieces.

Inventory:

Hand Weapons
 a - a +0 hand axe (weapon)
Armour
 g - a +0 ring mail (worn)
Comestibles
 b - a chunk of flesh
 c - 2 bread rations
 f - 2 meat rations
 h - 4 fruits


   Skills:
 + Level 3.5 Fighting
 + Level 3.8 Axes
 + Level 1.7 Armour
 + Level 3.1 Dodging
 + Level 2.3 Stealth


You had 3 spell levels left.
You didn't know any spells.

Dungeon Overview and Level Annotations

Branches:
Dungeon (3/15)

Altars:
Hepliaklqana


Innate Abilities, Weirdness & Mutations

You have large cloven feet.
A demonic guardian rushes to your aid.


Message History

You kill the kobold!
You feel sick. The orc hits you but does no damage.
You are more poisoned.
You closely miss the orc. You kick the orc, but do no damage.
The orc is severely wounded.
You feel very sick.
The orc hits you with a dagger of venom.
* * * LOW HITPOINT WARNING * * *
Your ring mail prevents you from hitting the orc.
The orc is severely wounded.
* * * LOW HITPOINT WARNING * * *
You feel very sick. The orc hits you but does no damage.
You are more poisoned.
You hit the orc.
You kill the orc!
* * * LOW HITPOINT WARNING * * *
You feel very sick.
You aren't carrying any potions.
You die...

*##.#.###.#..)##......# ##.......
#....................# #.......#
#.P.....#####..##+#..# #...8...#
#.#######...#..#,,#..# #..8.8..#
##.#,,+,,#...#(P#,,#P.###.8._.8.#
...#,,*,,###[#..####..##...8.8..#
...#####+#............##....8...#
#..........8..........##........#
#............###@#....##........#
#...##+#..##'#.))####.######...##
....#,,#..#))#.†)#..#.#### ##.###
....#,,#..#..#...'..#....###.....
#...####.P###########.##......###
#.....................#######.#
..###..#####.#..####### #.# ***
#.## #....## #.# ****#.# ##.####
#.#


There were no monsters in sight!

Vanquished Creatures
  2 adders (D:2)
  A leopard gecko (D:2)
  4 orcs (D:3)
  2 ball pythons (D:2)
  3 giant cockroaches
  6 goblins
  8 hobgoblins
  3 jackals (D:2)
  10 kobolds
  6 bats
  5 frilled lizards
  5 rats
55 creatures vanquished.

Vanquished Creatures (collateral kills)
  A sky beast (D:3)
  A hobgoblin (D:2)
2 creatures vanquished.

Grand Total: 57 creatures vanquished

Notes
Turn   | Place    | Note
-------+----------+-------------------------------------------
     0 | D:1      | JeffiDaFish the Demonspawn Monk began the quest for the Orb.
     0 | D:1      | Reached XP level 1. HP: 18/18 MP: 1/1
   270 | D:1      | Gained mutation: A weak demonic guardian rushes to your aid. [demonic ancestry]
   270 | D:1      | Reached XP level 2. HP: 15/24 MP: 2/2
  1059 | D:2      | Gained mutation: A demonic guardian rushes to your aid. [demonic ancestry]
  1059 | D:2      | Reached XP level 3. HP: 22/29 MP: 3/3
  1195 | D:2      | Found a hazy altar of Hepliaklqana.
  1605 | D:2      | HP: 1/29 [kobold (3)]
  1780 | D:2      | Reached skill level 1 in Armour
  2321 | D:3      | Noticed a sky beast
  2324 | D:3      | Killed a sky beast
  2324 | D:3      | Gained mutation: You have large cloven feet. [demonic ancestry]
  2324 | D:3      | Reached XP level 4. HP: 12/35 MP: 4/4
  2606 | D:3      | Found a faded altar of an unknown god.
  2922 | D:3      | Succumbed to an orc's poison

Skill      XL: |  1  2  3 |
---------------+----------+-----
Axes           | 3 |  3.8
Stealth        | 2 |  2.3
Armour         | 1 |  1.7
Dodging        | 3 |  3.1
Fighting       | |  3.5

Action                   |  1- 3 |  4- 6 || total
-------------------------+-------+-------++-------
Melee: Hand axe          |   150 |    54 ||   204
       Spear             |    12 |       ||    12
       Kick              |       |    11 ||    11
  Use: Potion            |     5 |       ||     5
       Scroll            |     4 |     2 ||     6
 Stab: Sleeping          |     4 |       ||     4
  Eat: Chunk             |     5 |     2 ||     7
Armor: Robe              |     6 |       ||     6
       Leather armour    |    25 |     5 ||    30
       Ring mail         |       |     7 ||     7
Dodge: Dodged            |   130 |    39 ||   169
